 Dungeon Crawl Stone Soup version 0.27-a0-926-g0e6d912 (webtiles) character file.

Game seed: 8497637355749039843

82 Nithhogg the Skirmisher (level 4, -4/36 HPs)
             Began as a Demonspawn Fighter on Apr 9, 2021.
             Slain by an ogre
             ... wielding a +0 giant club
              (9 damage)
             ... on level 2 of the Dungeon.
             The game lasted 00:01:50 (1422 turns).

Nithhogg the Skirmisher (Demonspawn Fighter)        Turns: 1422, Time: 00:01:51

Health: -4/36      AC: 15    Str: 17    XL:     4   Next: 21%
Magic:  0/4        EV:  2    Int:  9    God:
Gold:   62         SH:  9    Dex: 13    Spells: 3/3 levels left

rFire    . . .     SeeInvis .   a - +1 long sword
rCold    . . .     Faith    .   c - +0 kite shield
rNeg     . . .     Spirit   +   k - +0 plate armour
rPois    .         Reflect  .   (no helmet)
rElec    .         Harm     .   (no cloak)
rCorr    .         Rampage  .   (no gloves)
Will     .....                  (no boots)
Stlth    ..........             i - amulet of guardian spirit
HPRegen  0.12/turn              j - +4 ring of protection
MPRegen  0.09/turn              (no ring)

@: mighty
A: foul stench 1
a: no special abilities


You were on level 2 of the Dungeon.
You visited 1 branch of the dungeon, and saw 2 of its levels.

You collected 62 gold pieces.

Inventory:

Hand Weapons
 a - a +1 long sword (weapon)
Armour
 b - a +0 scale mail
 c - a +0 kite shield (worn)
 k - a +0 plate armour (worn)
Jewellery
 i - an amulet of guardian spirit (around neck)
 j - a +4 ring of protection (left hand)
Wands
 g - a wand of iceblast (9)
Potions
 d - a potion of might
 e - 2 potions of heal wounds
 f - a potion of haste
 h - a potion of flight {unknown}


   Skills:
 + Level 3.6 Fighting
 + Level 2.5 Long Blades
 + Level 3.2 Armour
 + Level 3.2 Shields


You had 3 spell levels left.
You didn't know any spells.
Your spell library contained the following spells:

 Spells                   Type           Power      Damage    Failure   Level
 Magic Dart               Conj           0%         1d3       100%        1
 Blink                    Tloc           N/A        N/A       100%        2
 Call Imp                 Summ           0%         N/A       100%        2
 Slow                     Hex            0%         N/A       100%        2
 Conjure Flame            Conj/Fire      0%         6-21      100%        3
 Mephitic Cloud           Conj/Pois/Air  0%         N/A       100%        3


Dungeon Overview and Level Annotations

Branches:
Dungeon (2/15)

Altars:

Shops:
D:2 !


Innate Abilities, Weirdness & Mutations

You may rarely emit foul miasma when damaged in melee.


Message History

The adder hisses angrily.
There are monsters nearby!
Nothing quivered!
j - a +4 ring of protection (left hand)
The adder bites you but does no damage. The adder bites you.
The adder bites you but does no damage.
You closely miss the adder. You block the adder's attack.
The adder bites you but does no damage.
You hit the adder.
The adder is moderately wounded.
The adder bites you.
You are poisoned.
The adder poisons you! The adder bites you but does no damage.
You hit the adder.
The adder is almost dead.
You feel sick. You block the adder's attack.
The adder bites you but does no damage.
You feel very mighty all of a sudden.
You feel sick. The adder bites you but does no damage.
You block the adder's attack.
You closely miss the adder.
The adder is almost dead.
You feel sick.
The adder bites you but does no damage. x2
You hit the adder.
You kill the adder!
You feel sick.
You are no longer poisoned.
You block the ogre's attack.
You slash the ogre!
The ogre is moderately wounded.
The ogre hits you with a +0 giant club!
You barely miss the ogre.
The ogre is moderately wounded.
The ogre hits you with a +0 giant club!
* * * LOW HITPOINT WARNING * * *
You hit the ogre.
The ogre is severely wounded.
The ogre hits you with a +0 giant club!
You die...

#.#..####.##.##.#.####........#.#
#.#...###.##......# ##.......#.#
..#.......####....# #.......#.#
###...##### ##.#.# #.......#.#
#...# #####.## #########.. #...#
#..(...# ####### #.#
###...#######.###.># #.....# ##.#
............#.###..###.....# #..(
...............O@..........# #..#
............##.##.##.#.....# #..#
###...########....##.#.....# #...
#...# #..####.####### #.## #...#
#..####.# #... #...# #...<...#
#### #...# ##.###### # .....
#.########## # #.#...
#.##.......#### #


You could see an ogre.

Vanquished Creatures
  Terence (D:2)
  2 adders (D:2)
  A dart slug (D:1)
  3 bats
  7 endoplasms
  4 giant cockroaches
  2 goblins (D:1)
  3 hobgoblins
  2 quokkas (D:1)
  3 ball pythons
  2 frilled lizards
  A kobold (D:1)
  6 rats
37 creatures vanquished.

Notes
Turn   | Place    | Note
-------+----------+-------------------------------------------
     0 | D:1      | Nithhogg the Demonspawn Fighter began the quest for the
                  | Orb.
     0 | D:1      | Reached XP level 1. HP: 18/18 MP: 1/1
   184 | D:1      | Gained mutation: You may rarely emit foul miasma when
                  | damaged in melee. [demonic ancestry]
   184 | D:1      | Reached XP level 2. HP: 22/24 MP: 2/2
   884 | D:2      | Noticed Terence
   894 | D:2      | Killed Terence
   895 | D:2      | Reached XP level 3. HP: 25/29 MP: 3/3
   955 | D:2      | Found Cujuekab's Distillery.
  1152 | D:2      | Reached XP level 4. HP: 25/36 MP: 2/4
  1400 | D:2      | Noticed an ogre
  1422 | D:2      | Slain by an ogre

Illustrated notes

Levels and vault maps discovered:
D:1:      lightli_arrival_flooded_house, layout_basic, serial_glass,
          glass_columns_b, glass_columns_c, chequers_garden
D:2:      layout_loops_cross, ebering_ecumenical_altar_hall, serial_shops, shop,
          minmay_misc_feat_secret_circle, minmay_small_reverse_x, uniq_terence

Skill      XL: |  1  2 |
---------------+-------+-----
Long Blades    | 2 |  2.5
Shields        | 3 |  3.2
Armour         | 3 |  3.2
Fighting       | |  3.6

Action                   |  1- 3 |  4- 6 || total
-------------------------+-------+-------++-------
Melee: Long sword        |    72 |     8 ||    80
  Use: Scroll            |     3 |       ||     3
       Potion            |       |     1 ||     1
Armor: Scale mail        |    30 |       ||    30
       Plate armour      |    17 |     8 ||    25
Dodge: Dodged            |    21 |       ||    21
Block: Kite shield       |    28 |     4 ||    32
       Rpst.: Long sword |     8 |       ||     8

Table legend: (Time is in decaauts)
 A = Elapsed time spent in this place.
 B = Non-inter-level travel time spent in this place.
 C = Inter-level travel time spent in this place.
 D = Time resting spent in this place.
 E = Time spent auto-exploring this place.
 F = Levels seen in this place.
 G = Mean time per level.
                   A        B        C        D        E       F      G
               +--------+--------+--------+--------+--------+-----+--------+
         Total |   1463 |   1449 |     14 |      0 |   1186 |   2 |  731.5 |
       Dungeon |   1463 |   1449 |     14 |      0 |   1186 |   2 |  731.5 |
               +--------+--------+--------+--------+--------+-----+--------+

Top non-repeatable levels by time:
     D:1: 870 daAuts
     D:2: 593 daAuts
